 Dungeon Crawl Stone Soup version 0.28.0-53-g5a82cb258f (console) character file.

Game seed: 7388513599954219883

8495 erker the Thaumaturge (level 11, -1/81 HPs)
             Began as a Gnoll Earth Elementalist on June 25, 2022.
             Was a Priest of Cheibriados.
             Shot with an arrow by a centaur warrior (20 damage)
             ... on level 10 of the Dungeon.
             The game lasted 01:06:05 (12508 turns).

erker the Thaumaturge (Gnoll Earth Elementalist)   Turns: 12508, Time: 01:06:06

Health: -1/81      AC:  8    Str: 14    XL:     11   Next: 31%
Magic:  14/23      EV: 17    Int: 25    God:    Cheibriados [***...]
Gold:   675        SH:  0    Dex: 21    Spells: 9/26 levels left

rFire   . . .      SeeInvis .   a - +1 dagger (venom)
rCold   + + +      Faith    .   (no shield)
rNeg    . . .      Spirit   .   s - +3 leather armour "Dafiec" {rC+++}
rPois   .          Reflect  .   (no helmet)
rElec   .          Harm     .   (no cloak)
rCorr   .          Rampage  .   (no gloves)
Will    +....                   r - +0 pair of boots
Stlth   ++++......              (no amulet)
HPRegen 0.23/turn               y - ring of willpower
MPRegen 0.18/turn               I - ring of flight

@: flying, very slow
A: fangs 1, strong nose, distributed training
a: Renounce Religion, Bend Time, Temporal Distortion


You were on level 10 of the Dungeon.
You worshipped Cheibriados.
Cheibriados was most pleased with you.
You visited 2 branches of the dungeon, and saw 11 of its levels.

You collected 675 gold pieces.

Inventory:

Hand Weapons
 a - a +1 dagger of venom (weapon)
 b - a +2 hunting sling of flaming
Missiles
 c - 252 stones
 d - 74 bolts
 n - 134 arrows
 p - 55 sling bullets
 A - 2 boomerangs
 C - 4 atropa-tipped darts (quivered)
 K - 4 poisoned darts
 M - a curare-tipped dart
 Q - 3 boomerangs of dispersal
Armour
 r - a +0 pair of boots (worn)
 s - the +3 leather armour "Dafiec" (worn) {rC+++}
   (You took it off an orc on level 5 of the Dungeon)

   rC:        It renders you almost immune to cold.
 z - a +0 kite shield
 L - +0 acid dragon scales
Magical Staves
 H - a staff of air
Jewellery
 y - a ring of willpower (left hand)
 I - a ring of flight (right hand)
Wands
 k - a wand of flame (27)
 E - a wand of iceblast (7)
 F - a wand of digging (5)
 R - a wand of paralysis (4)
Scrolls
 e - 4 scrolls of blinking {unknown}
 f - 2 scrolls of teleportation
 l - 3 scrolls of noise {unknown}
 m - a scroll of acquirement {unknown}
 o - 7 scrolls of identify {unknown}
 t - 3 scrolls of amnesia {unknown}
 v - 2 scrolls of fear {unknown}
 x - 3 scrolls of magic mapping {unknown}
 G - 3 scrolls of enchant weapon {unknown}
 N - a scroll of fog {unknown}
 O - a scroll of vulnerability {unknown}
Potions
 g - 3 potions of flight {unknown}
 h - 4 potions of cancellation {unknown}
 i - 3 potions of degeneration {unknown}
 j - 4 potions of brilliance {unknown}
 q - 2 potions of curing {unknown}
 u - a potion of magic {unknown}
 w - 2 potions of lignification {unknown}
 B - a potion of mutation {unknown}
 D - 2 potions of might
 J - 2 potions of ambrosia {unknown}
 P - a potion of attraction {unknown}


   Skills:
 + Level 6.2 Fighting
 + Level 6.2 Short Blades
 + Level 6.2 Long Blades
 + Level 6.2 Axes
 + Level 6.2 Maces & Flails
 + Level 6.2 Polearms
 + Level 6.2 Staves
 + Level 6.2 Slings
 + Level 6.2 Bows
 + Level 6.2 Crossbows
 + Level 6.2 Throwing
 + Level 6.2 Armour
 + Level 7.8 Dodging
 + Level 7.5 Stealth
 + Level 6.2 Shields
 + Level 6.2 Unarmed Combat
 + Level 8.0 Spellcasting
 + Level 5.1 Conjurations
 + Level 5.1 Hexes
 + Level 5.1 Summonings
 + Level 5.1 Necromancy
 + Level 5.1 Translocations
 + Level 5.6 Transmutations
 + Level 5.1 Fire Magic
 + Level 5.1 Ice Magic
 + Level 5.1 Air Magic
 + Level 7.6 Earth Magic
 + Level 5.1 Poison Magic
 + Level 6.8 Invocations
 + Level 6.2 Evocations


You had 9 spell levels left.
You knew the following spells:

 Your Spells              Type           Power      Damage    Failure   Level
a - Sandblast             Erth           96%        2d20      1%          1
c - Confusing Touch       Hex            35%        N/A       2%          3
d - Call Canine Familiar  Summ           35%        N/A       2%          3
g - Stone Arrow           Conj/Erth      82%        3d12      1%          3
v - Borgnjor's Vile Clut  Necr/Erth      20%        N/A       16%         5
w - Passwall              Tmut/Erth      35%        N/A       1%          2

Your spell library contained the following spells:

 Spells                   Type           Power      Damage    Failure   Level
 Slow                     Hex            100%       N/A       1%          1
 Summon Small Mammal      Summ           100%       N/A       1%          1
 Summon Guardian Golem    Hex/Summ       35%        N/A       2%          3
 Vampiric Draining        Necr           35%        2d8       2%          3
 Petrify                  Tmut/Erth      43%        N/A       4%          4
 Animate Dead             Necr           17%        N/A       9%          4
 Iskenderun's Battlesphe  Conj           35%        2d9       26%         5
 Iron Shot                Conj/Erth      20%        9d5       63%         6
 Death Channel            Necr           17%        N/A       80%         6
 Spellforged Servitor     Conj/Summ      17%        N/A       100%        7


Dungeon Overview and Level Annotations

Branches:
Dungeon (10/15)            Temple (1/1) D:7
   Lair: D:8-11         Orc: D:9-12

Altars:
Ashenzari
Cheibriados
Dithmenos
Elyvilon
Gozag
Hepliaklqana
Kikubaaqudgha
Makhleb
Nemelex Xobeh
Okawaru
Qazlal
Ru
Trog
Vehumet
Wu Jian
Xom
Yredelemnul
Zin

Annotations:
D:5 2 transporters
D:8 Harold
D:10 exclusion: centaur warrior


Innate Abilities, Weirdness & Mutations

You have very sharp teeth.
Your uncanny sense of smell can sniff out nearby items.
Your experience applies equally to all skills.


Message History

K - 3 poisoned darts
K - 4 poisoned darts (gained 1);
p - 55 sling bullets (gained 2)
The centaur warrior shouts!
The centaur warrior wields a +0 shortbow.
The centaur warrior shoots an arrow.
The arrow closely misses you.
The centaur warrior shoots an arrow.
The arrow hits you!
The centaur warrior shoots an arrow.
The arrow closely misses you. The arrow hits your hound!!
Your hound dies!
Your hound's corpse disappears in a puff of smoke!
Casting: Call Canine Familiar (mildly dangerous; 2% risk of failure)
Confirm with . or Enter, or press ? or * to list all spells.
Aiming: Borgnjor's Vile Clutch (dangerous; 16% risk of failure)
Press: ? - help, Shift-Dir - straight line, f - centaur warrior
Aim: a centaur warrior, wielding a +0 shortbow and quivering arrows (100% to hit)
Zombie hands grab the centaur warrior.
The zombie hands constrict the centaur warrior!
The centaur warrior shoots an arrow.
The arrow hits you!!
The zombie hands constrict the centaur warrior!
The centaur warrior struggles to escape constriction.
The centaur warrior shoots an arrow.
The arrow hits you but does no damage.
The centaur warrior shoots an arrow.
The arrow hits you!
The zombie hands lose their grip on something.
The centaur warrior shoots an arrow.
The arrow hits you.
The centaur warrior shoots an arrow.
The arrow hits you!
* * * LOW HITPOINT WARNING * * *
Okay, then.
Unknown command.
Unknown command.
Unknown command.
Unknown command.
Casting: Borgnjor's Vile Clutch (dangerous; 16% risk of failure)
Confirm with . or Enter, or press ? or * to list all spells.
Casting: Call Canine Familiar (mildly dangerous; 2% risk of failure)
Confirm with . or Enter, or press ? or * to list all spells.
Aiming: Passwall (safe; 1% risk of failure)
Press: ? - help, Dir - move target, p - centaur warrior A rock wall.
The centaur warrior shoots an arrow.
The arrow hits you!!
You die...

#######..#########... #..#
#....##.............. #..#
#................... #...
'...............c# ∆####
#....##..........# ∆
#....##..........# ∆
#................#
#..........##....#
#..........##..h@#.......#
#....##....##....#.......#
#....##....##....#.......#
'....##..........#.......#
#....##..........#.......#
#................#.......#
#...)............#.......#
#....####+########.......#
######...........Dc......#


You could see a centaur warrior (ally target) and a friendly wolf (summoned).

Vanquished Creatures
  A hydra (D:10)
  A boulder beetle (D:10)
  2 two-headed ogres
  A deep elf pyromancer (D:10)
  A centaur zombie (D:10)
  A vampire (D:10)
  2 wraiths (D:9)
  3 yaks (D:9)
  A wyvern (D:8)
  4 orc warriors
  A black bear (D:8)
  2 ice beasts
  4 sky beasts
  An ogre (D:6)
  A necrophage (D:7)
  3 centaurs
  3 kobold brigands
  2 bullfrogs (D:7)
  A gnoll sergeant (D:5)
  A scorpion (D:4)
  A wyvern zombie (D:7)
  2 wyvern skeletons
  A water moccasin skeleton (D:3)
  11 killer bees
  An electric eel (D:10)
  2 howler monkeys
  3 hounds
  A bullfrog skeleton (D:5)
  A gnoll shaman (D:7)
  2 centaur skeletons
  3 jellies
  2 orc priests (D:9)
  2 iguanas
  9 orc wizards
  A killer bee zombie (D:4)
  A hound skeleton (D:4)
  11 gnolls
  A howler monkey zombie (D:8)
  3 adders
  2 white imps
  An adder skeleton (D:4)
  A worm (D:2)
  3 dart slugs
  24 orcs
  6 ball pythons
  7 endoplasms
  A giant cockroach (D:2)
  7 hobgoblins
  14 kobolds
  4 quokkas
  4 bats
  4 frilled lizards
  7 goblins
  A quokka skeleton (D:4)
  8 rats
188 creatures vanquished.

Vanquished Creatures (collateral kills)
  3 yaks (D:9)
  An acid dragon (D:9)
  An orc warrior (D:10)
  A killer bee (D:9)
  2 orc wizards
  6 orcs
  3 kobolds (D:8)
17 creatures vanquished.

Vanquished Creatures (others)
  A kobold (D:8)
  5 fungi (D:8)
  3 plants (D:8)
9 creatures vanquished.

Grand Total: 214 creatures vanquished

Notes
Turn   | Place    | Note
-------+----------+-------------------------------------------
     0 | D:1      | erker the Gnoll Earth Elementalist began the quest for the
                  | Orb.
     0 | D:1      | Reached XP level 1. HP: 13/13 MP: 6/6
   443 | D:1      | Reached XP level 2. HP: 19/19 MP: 5/7
   759 | D:1      | Found a faded altar of an unknown god.
  1522 | D:2      | Reached XP level 3. HP: 25/25 MP: 9/9
  1535 | D:2      | Reached skill level 5 in Spellcasting
  1939 | D:2      | Reached skill level 1 in Invocations
  2700 | D:3      | Learned a level 2 spell: Passwall
  2814 | D:3      | Reached skill level 1 in Fighting
  2814 | D:3      | Reached skill level 1 in Short Blades
  2814 | D:3      | Reached skill level 1 in Long Blades
  2814 | D:3      | Reached skill level 1 in Axes
  2814 | D:3      | Reached skill level 1 in Maces & Flails
  2814 | D:3      | Reached skill level 1 in Polearms
  2814 | D:3      | Reached skill level 1 in Staves
  2814 | D:3      | Reached skill level 1 in Slings
  2814 | D:3      | Reached skill level 1 in Bows
  2814 | D:3      | Reached skill level 1 in Crossbows
  2814 | D:3      | Reached skill level 1 in Throwing
  2814 | D:3      | Reached skill level 1 in Armour
  2814 | D:3      | Reached skill level 1 in Shields
  2814 | D:3      | Reached skill level 1 in Unarmed Combat
  2814 | D:3      | Reached skill level 1 in Evocations
  2954 | D:3      | You fall into a shaft and drop 2 floors!
  2954 | D:5      | Entered Level 5 of the Dungeon
  2961 | D:5      | Reached XP level 4. HP: 27/32 MP: 7/11
  2978 | D:5      | Reached skill level 1 in Conjurations
  2978 | D:5      | Reached skill level 1 in Hexes
  2978 | D:5      | Reached skill level 1 in Summonings
  2978 | D:5      | Reached skill level 1 in Necromancy
  2978 | D:5      | Reached skill level 1 in Translocations
  2978 | D:5      | Reached skill level 1 in Fire Magic
  2978 | D:5      | Reached skill level 1 in Ice Magic
  2978 | D:5      | Reached skill level 1 in Air Magic
  2978 | D:5      | Reached skill level 1 in Poison Magic
  2982 | D:5      | Learned a level 3 spell: Stone Arrow
  3013 | D:5      | Reached XP level 5. HP: 24/37 MP: 7/12
  3292 | D:5      | Reached XP level 6. HP: 32/44 MP: 11/13
  3321 | D:5      | Noticed a sky beast
  3327 | D:5      | Reached skill level 5 in Dodging
  3372 | D:5      | Found a transporter.
  3407 | D:5      | Identified the +3 leather armour "Dafiec" {rC+++}
  3535 | D:5      | Found a transporter.
  3541 | D:5      | Noticed a sky beast
  4190 | D:4      | Reached XP level 7. HP: 50/50 MP: 12/15
  5065 | D:5      | Reached skill level 5 in Stealth
  5393 | D:5      | Reached XP level 8. HP: 57/57 MP: 12/16
  6347 | D:6      | Reached skill level 6 in Spellcasting
  6372 | D:6      | Found a white marble altar of Elyvilon.
  6454 | D:6      | Learned a level 3 spell: Confusing Touch
  6677 | D:6      | Found a shimmering altar of Xom.
  7348 | D:7      | Found a staircase to the Ecumenical Temple.
  7375 | Temple   | Entered the Ecumenical Temple
  7555 | Temple   | Became a worshipper of Cheibriados the Contemplative
  7787 | D:7      | Reached XP level 9. HP: 39/65 MP: 15/18
  8106 | D:7      | Reached * piety under Cheibriados
  8820 | D:8      | Noticed Harold
  8879 | D:8      | Learned a level 3 spell: Call Canine Familiar
  8925 | D:8      | Reached skill level 5 in Invocations
  8950 | D:8      | Reached ** piety under Cheibriados
  9472 | D:9      | Noticed a two-headed ogre
  9478 | D:9      | Killed a two-headed ogre
  9479 | D:9      | Reached skill level 5 in Fighting
  9479 | D:9      | Reached skill level 5 in Short Blades
  9479 | D:9      | Reached skill level 5 in Long Blades
  9479 | D:9      | Reached skill level 5 in Axes
  9479 | D:9      | Reached skill level 5 in Maces & Flails
  9479 | D:9      | Reached skill level 5 in Polearms
  9479 | D:9      | Reached skill level 5 in Staves
  9479 | D:9      | Reached skill level 5 in Slings
  9479 | D:9      | Reached skill level 5 in Bows
  9479 | D:9      | Reached skill level 5 in Crossbows
  9479 | D:9      | Reached skill level 5 in Throwing
  9479 | D:9      | Reached skill level 5 in Armour
  9479 | D:9      | Reached skill level 5 in Shields
  9479 | D:9      | Reached skill level 5 in Unarmed Combat
  9479 | D:9      | Reached skill level 7 in Spellcasting
  9479 | D:9      | Reached skill level 5 in Evocations
  9479 | D:9      | Reached XP level 10. HP: 74/74 MP: 8/20
 10670 | D:9      | Reached skill level 5 in Transmutations
 11276 | D:10     | Entered Level 10 of the Dungeon
 11305 | D:10     | Noticed a centaur warrior
 11392 | D:10     | Noticed a two-headed ogre
 11401 | D:10     | Killed a two-headed ogre
 11556 | D:10     | Reached *** piety under Cheibriados
 11557 | D:10     | Reached XP level 11. HP: 68/81 MP: 16/22
 11929 | D:10     | Noticed a deep elf pyromancer
 11931 | D:10     | Noticed a six-headed hydra
 11957 | D:10     | Noticed a six-headed hydra
 11963 | D:10     | Killed a six-headed hydra
 11964 | D:10     | Reached skill level 5 in Conjurations
 11964 | D:10     | Reached skill level 5 in Hexes
 11964 | D:10     | Reached skill level 5 in Summonings
 11964 | D:10     | Reached skill level 5 in Necromancy
 11964 | D:10     | Reached skill level 5 in Translocations
 11964 | D:10     | Reached skill level 5 in Fire Magic
 11964 | D:10     | Reached skill level 5 in Ice Magic
 11964 | D:10     | Reached skill level 5 in Air Magic
 11964 | D:10     | Reached skill level 5 in Poison Magic
 12230 | D:9      | Learned a level 5 spell: Borgnjor's Vile Clutch
 12266 | D:10     | Killed a deep elf pyromancer
 12267 | D:10     | Reached skill level 8 in Spellcasting
 12270 | D:10     | Noticed a boulder beetle
 12395 | D:10     | Killed a boulder beetle
 12508 | D:10     | Shot with an arrow by a centaur warrior

Illustrated notes

Levels and vault maps discovered:
D:1:      arrival_zaba_pyramid, layout_basic,
          shapermc_ecumenical_altar_mp_ritualfount
D:2:      layout_loops_ring, minmay_rat_gold_closets
D:3:      layout_basic
D:4:      minmay_spotlight, layout_cave_pools, amcnicky_mini_pool_small
D:5:      gammafunk_steamed_eel, layout_basic, nicolae_ossuary_entry_ruins
D:6:      layout_loops_ring, mainiacjoe_overflow_swirl,
          lemuel_coloured_pillars_altar, kennysheep_nub
D:7:      layout_cave_pools, temple_pool_b, minmay_bent
D:8:      layout_cave_pools, fedhas_altar_3, st_stairs_4,
          kennysheep_generic_room_3, uniq_harold
D:9:      layout_stronghold, grunt_ministairs_1
D:10:     minmay_curly_fans, layout_stronghold,
          mainiacjoe_overflow_divided_tiny, serial_bayou_lake_a
Temple:   nicolae_temple_elliptical

Skill      XL: |  1  2  3  4  5  6  7  8  9 10 11 |
---------------+----------------------------------+-----
Transmutations | 2 3 4 5 |  5.6
Spellcasting   | 5 6 7 8 |  8.0
Invocations    | 1 2 3 4 5 6 |  6.8
Fighting       | 1 2 3 5 6 |  6.2
Short Blades   | 1 2 3 5 6 |  6.2
Long Blades    | 1 2 3 5 6 |  6.2
Axes           | 1 2 3 5 6 |  6.2
Maces & Flails | 1 2 3 5 6 |  6.2
Polearms       | 1 2 3 5 6 |  6.2
Staves         | 1 2 3 5 6 |  6.2
Slings         | 1 2 3 5 6 |  6.2
Bows           | 1 2 3 5 6 |  6.2
Crossbows      | 1 2 3 5 6 |  6.2
Throwing       | 1 2 3 5 6 |  6.2
Armour         | 1 2 3 5 6 |  6.2
Shields        | 1 2 3 5 6 |  6.2
Unarmed Combat | 1 2 3 5 6 |  6.2
Evocations     | 1 2 3 5 6 |  6.2
Conjurations   | 1 2 3 4 5 |  5.1
Hexes          | 1 2 3 4 5 |  5.1
Summonings     | 1 2 3 4 5 |  5.1
Necromancy     | 1 2 3 4 5 |  5.1
Translocations | 1 2 3 4 5 |  5.1
Fire Magic     | 1 2 3 4 5 |  5.1
Ice Magic      | 1 2 3 4 5 |  5.1
Air Magic      | 1 2 3 4 5 |  5.1
Poison Magic   | 1 2 3 4 5 |  5.1
Dodging        | 5 6 7 |  7.8
Stealth        | 5 6 7 |  7.5
Earth Magic    | 6 7 |  7.6

Action                   |  1- 3 |  4- 6 |  7- 9 | 10-12 || total
-------------------------+-------+-------+-------+-------++-------
Melee: Unarmed           |     5 |       |       |       ||     5
       Dagger            |   103 |    70 |   184 |   133 ||   490
       Bite              |    12 |    14 |    33 |    21 ||    80
       Punch             |     1 |     3 |    12 |     7 ||    23
 Fire: Hunting sling     |       |    13 |   104 |    17 ||   134
Throw: Dart              |       |       |    20 |     7 ||    27
       Boomerang         |       |       |       |     8 ||     8
 Cast: Sandblast         |    24 |    20 |    53 |    19 ||   116
       Passwall          |     2 |     7 |    22 |    11 ||    42
       Confusing Touch   |       |       |     7 |     4 ||    11
       Call Canine Famil |       |       |     4 |    23 ||    27
       Stone Arrow       |       |       |     3 |     4 ||     7
       Borgnjor's Vile C |       |       |       |     8 ||     8
Evoke: Wand              |       |       |     5 |     6 ||    11
  Use: Scroll            |       |       |     4 |       ||     4
 Stab: Sleeping          |    17 |     2 |     7 |     4 ||    30
       Confused          |       |       |     5 |     3 ||     8
       Distracted        |       |       |       |     1 ||     1
       Paralysed         |       |       |       |     2 ||     2
Armor: Leather armour    |    16 |    15 |    76 |    28 ||   135
Dodge: Dodged            |    54 |    50 |   142 |    90 ||   336
